 Dungeon Crawl Stone Soup version 0.31-a0-940-gdaa99269f9 (webtiles) character file.

Game seed: 11230345129603277687

1849 Dirtsage the Cleaver (level 8, -6/60 HPs)
             Began as a Demonspawn Fighter on Oct 21, 2023.
             Mangled by a boulder beetle (31 damage)
             ... on level 7 of the Dungeon.
             The game lasted 00:11:53 (5801 turns).

Dirtsage the Cleaver (Demonspawn Fighter)           Turns: 5801, Time: 00:11:54

Health: -6/60      AC: 12    Str: 19    XL:     8   Next: 88%
Magic:  0/17       EV: 10    Int:  9    God:
Gold:   488        SH:  6    Dex: 13    Spells: 7/7 levels left

rFire   . . .        a - +0 war axe
rCold   . . .        c - +1 buckler
rNeg    . . .        h - +4 ring mail of Privacy {rCorr MP+9}
rPois   .            p - +2 hat
rElec   .            (no cloak)
rCorr   +            f - +0 pair of gloves
SInv    +            (no boots)
Will    .....        w - amulet of guardian spirit
Stlth   +            S - ring of see invisible
HPRegen 0.30/turn    (no ring)
MPRegen 0.15/turn

%: guardian spirit
@: mighty
A: horns 2, powered by death 1, powered by pain 1, sturdy frame 1
a: no special abilities


You were on level 7 of the Dungeon.
You visited 2 branches of the dungeon, and saw 8 of its levels.

You collected 488 gold pieces.

Inventory:

Hand Weapons
 a - a +0 war axe (weapon)
Armour
 b - a +0 scale mail
 c - a +1 buckler (worn)
 f - a +0 pair of gloves (worn)
 h - the +4 ring mail of Privacy (worn) {rCorr MP+9}
   (You found it on level 3 of the Dungeon)

   MP+9:      It affects your magic capacity (+9).
   rCorr:     It protects you from acid and corrosion.
 l - a +0 tower shield
 p - a +2 hat (worn)
Magical Staves
 z - a staff of conjuration
Jewellery
 g - a ring of ice
 m - an amulet of the acrobat
 o - an amulet of regeneration
 w - an amulet of guardian spirit (around neck)
 S - a ring of see invisible (left hand)
Wands
 i - a wand of polymorph (1)
Scrolls
 k - 4 scrolls of enchant armour
 n - 2 scrolls of noise
 r - 6 scrolls of teleportation {unknown}
 s - a scroll of blinking {unknown}
 u - a scroll of brand weapon {unknown}
 x - 2 scrolls of enchant weapon {unknown}
 y - a scroll of amnesia {unknown}
 A - a scroll of fear {unknown}
Potions
 d - a potion of might
 e - 2 potions of attraction
 j - 3 potions of enlightenment
 q - 2 potions of curing
 t - a potion of ambrosia


   Skills:
 + Level 4.0 Fighting
 * Level 10.1 Axes
 - Level 2.6 Armour
 + Level 3.6 Shields


You had 7 spell levels left.
You didn't know any spells.
Your spell library contained the following spells:

 Spells                   Type           Power      Damage    Failure   Level
 Apportation              Tloc           0%         N/A       54%         1
 Sandblast                Erth           0%         2d4       54%         1
 Slow                     Hex            0%         N/A       54%         1
 Ensorcelled Hibernation  Hex/Ice        0%         N/A       69%         2
 Jinxbite                 Hex            0%         N/A       69%         2
 Passwall                 Tmut/Erth      0%         N/A       69%         2
 Confusing Touch          Hex            0%         N/A       89%         3
 Sigil of Binding         Hex            0%         N/A       89%         3
 Stone Arrow              Conj/Erth      0%         3d7       89%         3
 Swiftness                Air            0%         N/A       89%         3
 Tukima's Dance           Hex            0%         N/A       89%         3
 Vampiric Draining        Necr           0%         2d6       89%         3
 Brom's Barrelling Bould  Conj/Erth      0%         2d3       100%        4
 Dimensional Bullseye     Hex/Tloc       0%         N/A       100%        4
 Iskenderun's Mystic Bla  Conj/Tloc      0%         2d3       100%        4
 Leda's Liquefaction      Hex/Erth       0%         N/A       100%        4
 Alistair's Intoxication  Tmut/Pois      0%         N/A       100%        5
 Lee's Rapid Deconstruct  Erth           0%         3d4*      100%        5
 Summon Forest            Summ/Tloc      0%         N/A       100%        5
 Summon Mana Viper        Hex/Summ       0%         N/A       100%        5
 Bombard                  Conj/Erth      0%         9d1       100%        6
 Summon Cactus Giant      Summ           0%         N/A       100%        6


Dungeon Overview and Level Annotations

Branches:
Dungeon (7/15)             Temple (1/1) D:7

Altars:
Ashenzari
Cheibriados
Fedhas
Gozag
Hepliaklqana
Kikubaaqudgha
Nemelex Xobeh
Ru
Sif Muna
Trog
Uskayaw
Wu Jian
Xom

Shops:
D:6 =

Portals:
Abyss: D:3

Annotations:
D:3 2 transporters, lastchild's ghost, amateur OpSh
D:6 1 runed translucent door, Crazy Yiuf


Innate Abilities, Weirdness & Mutations

You have a pair of horns on your head.
You regenerate a little health from kills.
You sometimes gain a little power by taking damage.
Your movements are slightly less encumbered by armour. (ER -2)


Message History

The boulder beetle is heavily wounded.
The boulder beetle bites you!!
You focus on the pain.
You feel your power returning.
You take 15 damage, and have 39/60 hp.
MASSIVE DAMAGE!!
You hit the boulder beetle but do no damage.
The boulder beetle is moderately wounded.
You block the boulder beetle's attack.
You hit the boulder beetle but do no damage.
You headbutt the boulder beetle, but do no damage.
The boulder beetle is moderately wounded.
The boulder beetle bites you!
You take 7 damage, and have 32/60 hp.
You now have 13/17 mp.
You hit the boulder beetle.
The boulder beetle is heavily wounded.
The boulder beetle bites you!
You take 9 damage, and have 23/60 hp.
You now have 10/17 mp.
You hit the boulder beetle but do no damage.
You headbutt the boulder beetle, but do no damage.
The boulder beetle is heavily wounded.
The boulder beetle bites you.
You take 2 damage, and have 21/60 hp.
You now have 8/17 mp.
You feel very mighty all of a sudden. You block the boulder beetle's attack.
You hit the boulder beetle but do no damage.
The boulder beetle is heavily wounded.
The boulder beetle bites you but does no damage.
You barely miss the boulder beetle. You headbutt the boulder beetle!
The boulder beetle is heavily wounded.
You block the boulder beetle's attack.
You hit the boulder beetle but do no damage.
You headbutt the boulder beetle, but do no damage.
The boulder beetle is heavily wounded.
You block the boulder beetle's attack.
You hit the boulder beetle.
The boulder beetle is severely wounded.
The boulder beetle leaps!
The boulder beetle curls into a ball and begins rolling!
The boulder beetle hits you!!!
Ouch! That really hurt!
You die...

#.# #..## ##...####
### #..°....+ +..
#°## ### ##°# #○# ..
## ##B# ... ..
#.###@## #.# #.
#....# #.######)
####.########........
#.#........##.....
#.#.###.#.........
#.#.##........##.#
#.#.###.#...####.#
#.......##.#####.#
###.######.......#


You could see a boulder beetle (rolling).

Vanquished Creatures
  Prince Ribbit (D:6)
  A steam dragon (D:6)
  An ice beast (D:5)
  An ogre (D:5)
  A centaur (D:4)
  Blork the orc (D:5)
  2 bullfrogs
  5 scorpions
  An electric eel (D:7)
  7 hounds
  3 orc priests
  2 jellies
  A sleepcap (D:6)
  Robin (D:2)
  5 adders
  10 gnolls
  A shadow imp (D:4)
  A white imp (D:6)
  7 ufetubi
  A worm (D:4)
  2 dart slugs
  30 orcs
  4 bats
  4 endoplasms
  5 giant cockroaches
  16 goblins
  10 hobgoblins
  8 jackals
  7 kobolds
  5 quokkas
  7 ball pythons
  5 frilled lizards
  3 rats
159 creatures vanquished.

Notes
Turn   | Place    | Note
-------+----------+-------------------------------------------
     0 | D:1      | Dirtsage the Demonspawn Fighter began the quest for the
                  | Orb.
     0 | D:1      | Reached XP level 1. HP: 18/18 MP: 1/1
    15 | D:1      | Reached skill level 2 in Axes
    17 | D:1      | Gained mutation: You sometimes gain a little power by
                  | taking damage. [demonic ancestry]
    17 | D:1      | Reached XP level 2. HP: 8/24 MP: 2/2
   142 | D:1      | Reached skill level 3 in Axes
   203 | D:1      | Gained mutation: You regenerate a little health from kills.
                  | [demonic ancestry]
   203 | D:1      | Reached XP level 3. HP: 29/29 MP: 3/3
   695 | D:2      | Noticed Robin
   706 | D:2      | Killed Robin
   707 | D:2      | Reached skill level 4 in Axes
   707 | D:2      | Gained mutation: Your movements are slightly less
                  | encumbered by armour. (ER -2) [demonic ancestry]
   707 | D:2      | Reached XP level 4. HP: 35/35 MP: 4/4
  1211 | D:3      | Found a sparkling altar of Nemelex Xobeh.
  1324 | D:3      | Found a hazy altar of Hepliaklqana.
  1420 | D:3      | Reached XP level 5. HP: 33/41 MP: 5/5
  1492 | D:3      | Identified the +4 ring mail of Privacy {rCorr MP+9}
  1638 | D:3      | Found a transporter.
  1644 | D:3      | Noticed a toenail golem
  1645 | D:3      | Noticed lastchild's ghost (amateur OpSh)
  1647 | D:3      | Found a one-way gate to the infinite horrors of the Abyss.
  1772 | D:3      | Found a transporter.
  1897 | D:3      | Reached skill level 5 in Axes
  2586 | D:4      | Reached XP level 6. HP: 40/47 MP: 6/6
  2842 | D:4      | Reached skill level 6 in Axes
  3281 | D:5      | Entered Level 5 of the Dungeon
  3379 | D:5      | Reached skill level 7 in Axes
  3401 | D:5      | Gained mutation: You have a pair of small horns on your
                  | head. [demonic ancestry]
  3401 | D:5      | Reached XP level 7. HP: 52/52 MP: 7/7
  3452 | D:5      | Noticed Blork the orc
  3625 | D:5      | Reached skill level 8 in Axes
  3799 | D:5      | Found an ornate altar of the Wu Jian Council.
  4155 | D:5      | Killed Blork the orc
  4156 | D:5      | Gained mutation: You have a pair of horns on your head.
                  | [demonic ancestry]
  4156 | D:5      | Reached XP level 8. HP: 55/58 MP: 8/8
  4289 | D:6      | Reached skill level 9 in Axes
  4348 | D:6      | Found a shimmering altar of Xom.
  4418 | D:6      | Found Facziuroad's Jewellery Boutique.
  4905 | D:6      | Noticed Prince Ribbit
  4915 | D:6      | Killed Prince Ribbit
  5078 | D:6      | Found a runed translucent door.
  5079 | D:6      | Noticed Crazy Yiuf
  5154 | D:7      | Found a staircase to the Ecumenical Temple.
  5164 | Temple   | Entered the Ecumenical Temple
  5380 | D:7      | Reached skill level 10 in Axes
  5774 | D:7      | Noticed a boulder beetle
  5801 | D:7      | Mangled by a boulder beetle

Illustrated notes

Levels and vault maps discovered:
D:1:      scummos_arrival_hexagon, layout_rooms, kennysheep_another_room
D:2:      minmay_inner_zag, layout_basic, uniq_robin
D:3:      layout_loops_corners, mainiacjoe_overflow_small_starburst,
          mainiacjoe_overflow_alcove_1, zin_scriptorium,
          gammafunk_ghost_abyssal_escape, minmay_pentangle
D:4:      layout_loops_ring, mainiacjoe_overflow_tiny_flanked,
          serial_bayou_pond_e, chequers_jeans, wad_rectangle_vault
D:5:      layout_layer_cave, marbit_many_paths, uniq_blork_the_orc
D:6:      layout_loops_ring, tgw_xom, serial_shops,
          nicolae_shop_tiny_waterfront, uniq_crazy_yiuf_cottage,
          uniq_prince_ribbit1
D:7:      layout_loops_corners, minmay_temple_entry_arrows, fountainhead
Temple:   chequers_temple_sunken

Skill      XL: |  1  2  3  4  5  6  7  8 |
---------------+-------------------------+-----
Axes           | 2 3 4 5 7 8 10 | 10.1
Shields        | 3 |  3.6
Fighting       | 4 |  4.0
Armour         | |  2.6

Action                     |  1- 3 |  4- 6 |  7- 9 || total
---------------------------+-------+-------+-------++-------
  Melee: War axe           |    98 |   204 |   188 ||   490
         Headbutt          |       |       |    32 ||    32
  Evoke: Wand              |       |       |     4 ||     4
    Use: Scroll            |     2 |     4 |     2 ||     8
         Potion            |     1 |       |     1 ||     2
   Stab: Sleeping          |       |     1 |       ||     1
 Armour: Scale mail        |    79 |    31 |       ||   110
         Ring mail         |       |   106 |   168 ||   274
  Dodge: Dodged            |    59 |   114 |   101 ||   274
  Block: Buckler           |    21 |    67 |    70 ||   158

Table legend: (Time is in decaauts)
 A = Elapsed time spent in this place.
 B = Non-inter-level travel time spent in this place.
 C = Inter-level travel time spent in this place.
 D = Time resting spent in this place.
 E = Time spent auto-exploring this place.
 F = Levels seen in this place.
 G = Mean time per level.
                   A        B        C        D        E       F      G
               +--------+--------+--------+--------+--------+-----+--------+
         Total |   5918 |   5636 |    282 |      0 |   4413 |   8 |  739.8 |
       Dungeon |   5876 |   5612 |    264 |      0 |   4413 |   7 |  839.4 |
        Temple |     42 |     24 |     18 |      0 |      0 |   1 |   42.0 |
               +--------+--------+--------+--------+--------+-----+--------+

Top non-repeatable levels by time:
     D:3: 1263 daAuts
     D:6: 966 daAuts
     D:5: 909 daAuts
     D:4: 863 daAuts
     D:2: 693 daAuts
     D:7: 631 daAuts
     D:1: 547 daAuts
  Temple: 42 daAuts
